 Dungeon Crawl Stone Soup version 0.30-b1-2-g02819fbbbe (webtiles) character file.

Game seed: 3102330929726647484

509803 LLlMATKO the Slayer (level 23, -2/232 (234) HPs)
             Began as a Minotaur Berserker on Oct 26, 2023.
             Was a High Priest of Trog.
             Slain by an ancient champion
             ... wielding a +1 great mace
              (10 damage)
             ... on level 2 of the Tomb of the Ancients on Oct 27, 2023.
             The game lasted 01:29:51 (61643 turns).

LLlMATKO the Slayer (Minotaur Berserker)           Turns: 61643, Time: 01:29:51

HP:   -2/232 (234)  AC: 56    Str: 35      XL:     23   Next: 91%
MP:   22/22         EV:  7    Int:  4      God:    Trog [*****.]
Gold: 3760          SH:  0    Dex:  9 (10) Spells: 22/22 levels left

rFire   . . .        a - +4 broad axe (heavy)
rCold   + + .        R - +3 buckler of Love and Death {rCorr}
rNeg    + . .        s - +13 crystal plate armour "Wicismae" {Rampage rN+ Will-}
rPois   +            X - +2 hat
rElec   .            Z - +2 cloak
rCorr   +            d - +1 pair of gloves {Str+3}
SInv    .            U - +3 pair of mountain boots {steadfast, rC+}
Will    ++++.        L - amulet of reflection Stlth
                     o - ring "Raistot" {rPois rF+ rC+ Will+}
HPRegen 1.58/turn    p - ring of the Madman {Will+ Str+3 Stlth+}
MPRegen 0.18/turn

%: reflection, rampage
@: marked, strong-willed, on berserk cooldown, contaminated, held, regenerating,
slowed, glowing, studying Polearms, lightly drained, very slow
A: horns 2, retaliatory headbutt, clumsy 1, weak 1, heat vulnerability 1
}: 3/15 runes: decaying, serpentine, silver
a: Renounce Religion, Berserk, Trog's Hand, Brothers in Arms


You were on level 2 of the Tomb of the Ancients.
You worshipped Trog.
Trog was extremely pleased with you.
You visited 9 branches of the dungeon, and saw 43 of its levels.
You visited the Abyss 1 time.
You also visited: Ossuary, Bailey, Gauntlet and Ice Cave.

You collected 7396 gold pieces.
You spent 3636 gold pieces at shops.

Inventory:

Hand Weapons
 a - a +4 heavy broad axe (weapon)
 D - the +10 hand axe "Hise" {flame, rElec rCorr Dex-4}
   (Trog gifted it to you on level 14 of the Dungeon)

   Dex:       It affects your dexterity (-4).
   rElec:     It insulates you from electricity.
   rCorr:     It protects you from acid and corrosion.
 M - the +8 broad axe of Ginexoum {flame, rPois}
   (Trog gifted it to you on level 2 of the Swamp)

   rPois:     It protects you from poison.
Missiles
 k - 40 javelins
 l - 42 poisoned darts (quivered)
 y - a throwing net
Armour
 b - the +0 pair of boots of Lies {Slay+6}
   (You found it in a Gauntlet)

   Slay:      It affects your accuracy & damage with ranged weapons and melee
   (+6).
 d - a +1 pair of gloves of strength (worn)
 s - the +13 crystal plate armour "Wicismae" (worn) {Rampage rN+ Will-}
   (You bought it in a shop on level 4 of the Snake Pit)

   rN:        It protects you from negative energy.
   Rampage:   It bestows one free step when moving towards enemies.
   Will:      It decreases your willpower.
 R - the +3 buckler of Love and Death (worn) {rCorr}
   (You acquired it on level 9 of the Dungeon)

   rCorr:     It protects you from acid and corrosion.
 U - the +3 pair of mountain boots (worn) {steadfast, rC+}
   (You found it on level 2 of the Vaults)

   Steadfast: It prevents involuntary movement, except for blinking,
   teleportation, or banishment.
   rC:        It protects you from cold.
 X - a +2 hat (worn)
 Z - a +2 cloak (worn)
Jewellery
 o - the ring "Raistot" (left hand) {rPois rF+ rC+ Will+}
   (You took it off a vault warden on level 5 of the Vaults)

   [ring of willpower]

   rF:        It protects you from fire.
   rC:        It protects you from cold.
   rPois:     It protects you from poison.
   Will:      It increases your willpower.
 p - the ring of the Madman (right hand) {Will+ Str+3 Stlth+}
   (You found it in a Gauntlet)

   [ring of willpower]

   Str:       It affects your strength (+3).
   Will:      It increases your willpower.
   Stlth:     It makes you more stealthy.
 v - a ring of see invisible
 K - a ring of protection from fire
 L - an amulet of reflection (around neck)
 V - the ring of Doors {rC+ Str-3 Int+3 Dex+6}
   (You took it off a yaktaur on level 5 of the Vaults)

   [ring of protection from cold]

   Str:       It affects your strength (-3).
   Int:       It affects your intelligence (+3).
   Dex:       It affects your dexterity (+6).
   rC:        It protects you from cold.
 W - a ring of willpower
 Y - a ring of magical power
Wands
 n - a wand of flame (105)
 w - a wand of acid (65)
 I - a wand of digging (2)
 N - a wand of polymorph (8)
 O - a wand of paralysis (74)
 P - a wand of mindburst (72)
 S - a wand of roots (49)
Scrolls
 c - 12 scrolls of noise
 e - 19 scrolls of teleportation
 i - 9 scrolls of poison
 r - 20 scrolls of enchant weapon
 t - 32 scrolls of identify
 u - 5 scrolls of enchant armour
 C - 6 scrolls of fog
 G - 11 scrolls of blinking
 H - 8 scrolls of fear
 Q - 5 scrolls of magic mapping
 T - 3 scrolls of brand weapon
Potions
 f - 17 potions of curing
 g - 9 potions of lignification
 h - 5 potions of cancellation
 j - 10 potions of brilliance
 m - 4 potions of heal wounds
 q - 7 potions of might
 x - 2 potions of ambrosia
 z - 2 potions of resistance
 A - 11 potions of flight
 B - 10 potions of haste
 E - 3 potions of berserk rage
 F - 10 potions of attraction
 J - 5 potions of invisibility


   Skills:
 + Level 25.5 Fighting
 + Level 24.0 Axes
 + Level 23.9 Armour
 + Level 22.2 Dodging
 + Level 24.3 Shields


You had 22 spell levels left.
You didn't know any spells.
Your spell library was empty.

Dungeon Overview and Level Annotations

Branches:
Dungeon (15/15)            Temple (0/1) D:7            Lair (5/5) D:8
  Swamp (4/4) Lair:2        Snake (4/4) Lair:3        Slime (0/5) Lair:5
    Orc (2/2) D:10            Elf (3/3) Orc:2        Vaults (5/5) D:14
  Crypt (3/3) Vaults:2       Tomb (2/3) Crypt:3      Depths (0/4) D:15
Ossuary (visited)          Bailey (visited)           IceCv (visited)
Gauntlet (visited)

Altars:
Cheibriados
Fedhas
Kikubaaqudgha
Wu Jian
Yredelemnul
The Shining One
Jiyva

Shops:
D:5 :*   Orc:2 [=??   Elf:1 !   Elf:3 *   Snake:1 ==:   Snake:4 [?(
Vaults:1 :   Vaults:5 **

Portals:
Pandemonium: Orc:2
Trove: D:10 (show slimy rune of Zot)


Innate Abilities, Weirdness & Mutations

You have a pair of horns on your head.
You reflexively headbutt those who attack you in melee.
You are clumsy. (Dex -2)
You are weak. (Str -2)
You are vulnerable to heat. (rF-)


Message History

Unknown command.
You completely miss the ancient champion.
The ancient champion is moderately damaged.
You slice the guardian mummy!! You slash the bennu!
The bennu pecks you but does no damage. The bennu claws you but does no damage.
The bennu closely misses you.
The ancient champion hits you but does no damage.
The bennu pecks you but does no damage. You block the bennu's attack.
The bennu completely misses you.
You block the ancient champion's attack.
The guardian mummy barely misses you. You furiously retaliate!
You headbutt the guardian mummy!!
You feel the power of Trog in you as your rage grows.
You destroy the guardian mummy!
Trog accepts your kill.
You feel extremely nervous for a moment...
You feel numb. The mummy drops a net on you.
You become entangled in the net!
Unknown command.
You struggle against the net.
The bennu pecks you but does no damage.
The bennu claws you but does no damage. x2
The ancient champion closely misses you.
The skeletal warrior hits you with a +4 dire flail!
* * * LOW HITPOINT WARNING * * *
The bennu completely misses you. The bennu claws you.
* * * LOW HITPOINT WARNING * * *
The bennu claws you.
* * * LOW HITPOINT WARNING * * *
Unknown command.
Unknown command.
You struggle against the net.
You feel a strong urge to attack something.
You are no longer berserk.
You are exhausted.
You feel as though you will be slow longer.
The ancient champion hits you but does no damage.
The bennu pecks you but does no damage.
The bennu claws you but does no damage. x2
The skeletal warrior hits you with a +4 dire flail!
* * * LOW HITPOINT WARNING * * *
The ancient champion hits you with a +1 great mace!
You die...

.........##
..M.....##
...#
...#...## ...
#..#..## ..^.
ยง.. ###'###
#..^..#
#.....#
#######.@...#
#.....Mzzb..#
#.(.......^.#
#...........#
#>..........#
#############


You could see a bennu, an ancient champion (fast), a skeletal warrior and a
mummy.

Vanquished Creatures
  A dread lich (Vaults:4)
  2 ancient liches (Vaults:5)
  A royal mummy (Tomb:1)
  Saint Roka (Vaults:1)
  The ghost of casual the Hoplite, a veteran MiMo of Hepliaklqana (Vaults:2)
  A curse toe (Crypt:3)
  2 golden dragons (Vaults:5)
  Jorgrun (D:14)
  2 tentacled monstrosities (Vaults:5)
  Zenata (Crypt:2)
  6 liches
  8 titans
  Mlioglotl (Snake:1)
  3 deep elf blademasters
  2 deep elf master archers (Elf:3)
  6 ancient champions
  5 thorn hunters
  A tentacled starspawn (Abyss:2)
  2 tengu reavers
  Agnes (Snake:4)
  Frances (D:14)
  The ghost of BigAl98 the Acrobat, an adept FeSu of Jiyva (Crypt:1)
  6 shadow dragons (Vaults:5)
  5 sphinxes
  2 storm dragons (Vaults:5)
  Donald (Orc:2)
  4 revenants
  9 nagarajas
  A fenstrider witch (Swamp:2)
  4 fire giants (Vaults:5)
  Louise (Swamp:1)
  2 deep elf sorcerers (Vaults:5)
  3 frost giants (Vaults:5)
  3 curse skulls
  24 ironbound preservers
  16 vault wardens
  A juggernaut zombie (Tomb:1)
  17 ghouls
  5 deep elf elementalists (Elf:3)
  Aizul (Swamp:4)
  3 orc warlords
  6 stone giants
  3 war gargoyles
  7 ironbound thunderhulks
  5 very ugly things
  3 bunyips
  A bennu (Tomb:2)
  4 dire elephants
  5 eleionomae
  6 deep elf demonologists
  2 starflowers (Abyss:2)
  6 vampire knights
  9 deep elf annihilators (Elf:3)
  A spark wasp (shapeshifter) (Vaults:2)
  A lorocyproca (Abyss:2)
  5 mummy priests
  5 ettins
  2 eidola
  Snorg (D:14)
  A fire dragon (D:14)
  An ettin (shapeshifter) (Elf:3)
  A green death (Tomb:1)
  10 deep elf death magi
  14 jiangshi
  A crystal guardian (Vaults:2)
  2 entropy weavers (shapeshifter)
  5 deep elf high priests
  6 entropy weavers
  14 yaktaur captains
  18 hydras
  5 great orbs of eyes
  3 salamander tyrants
  A ghost crab (Swamp:4)
  A quicksilver dragon skeleton (Crypt:2)
  2 peacekeepers
  12 ironbound frosthearts
  A spriggan skeleton (Crypt:3)
  25 centaur warriors
  32 vault guards
  3 demonspawn (Orc:2)
  2 ogre magi (Vaults:5)
  A two-headed ogre (shapeshifter) (Vaults:5)
  Erolcha (D:10)
  Erica (D:9)
  7 two-headed ogres
  A death knight (Crypt:1)
  4 anacondas
  5 catoblepae
  28 dancing weapons
  6 alligators
  A thrashing horror (Abyss:2)
  12 naga sharpshooters
  A titan zombie (Crypt:1)
  7 vampire magi
  A deep troll earth mage (Vaults:5)
  10 boulder beetles
  11 death scarabs (Tomb:1)
  10 death yaks
  15 naga warriors
  A soul eater (Crypt:1)
  A deep troll shaman (Lair:5)
  6 orc high priests (Orc:2)
  12 spriggans
  The ghost of enotiy the Cleaver, a novice GrFi (D:9)
  8 shock serpents
  A sun demon (Orc:2)
  21 deep elf knights
  A skyshark (Lair:5)
  15 skeletal warriors
  6 salamander mystics
  A spatial maelstrom (Abyss:2)
  5 flayed ghosts
  A skyshark (shapeshifter) (D:15)
  5 spriggan druids
  54 deep trolls
  A sea snake (Snake:1)
  A shadow wraith (Crypt:3)
  2 sixfirhies (Orc:2)
  14 swamp dragons
  Lodul (D:14)
  The ghost of NimIero the Geomancer, a novice GrEE of Vehumet (D:8)
  5 goliath frogs
  5 spectral hydras (Swamp:4)
  3 naga ritualists
  A swamp dragon (shapeshifter) (Vaults:5)
  7 wizards
  9 bog bodies
  9 lindwurms
  8 deep elf archers
  21 deep elf zephyrmancers
  21 ironbound convokers
  2 necromancers
  5 harpies
  3 oklob plants (Swamp:4)
  28 deep elf pyromancers
  13 orc knights
  19 ugly things
  17 phantasmal warriors
  A stone giant zombie (Crypt:1)
  6 orc sorcerers
  A mana viper (shapeshifter) (Vaults:1)
  3 mana vipers
  2 will-o-the-wisps
  A shining eye (shapeshifter) (Elf:2)
  A salamander (shapeshifter) (Vaults:5)
  4 cyclopes
  A manticore (D:13)
  16 salamanders
  A worldbinder (Abyss:2)
  An elephant (shapeshifter) (Elf:1)
  An eleionoma skeleton (Crypt:3)
  7 guardian serpents
  19 black mambas
  2 stone giant skeletons
  2 ice statues (IceCv)
  7 elephants
  An eye of devastation (Lair:5)
  A molten gargoyle (Gauntlet)
  A smoke demon (Abyss:2)
  26 naga magi
  14 cane toads
  21 vault sentinels
  6 gargoyles
  A frost giant skeleton (Crypt:1)
  A torpor snail (Lair:3)
  Maggie (D:9)
  A kobold demonologist (D:10)
  A komodo dragon (shapeshifter) (Vaults:4)
  A dire elephant skeleton (Crypt:3)
  3 anaconda simulacra (IceCv)
  5 efreet
  2 tengu conjurers (D:14)
  2 rime drakes
  2 freezing wraiths
  28 yaktaurs
  6 komodo dragons
  A red draconian zombie (Crypt:3)
  15 guardian mummies
  6 ice devils
  A death drake zombie (Swamp:4)
  A death yak skeleton (Crypt:2)
  3 meliai (D:13)
  10 tyrant leeches
  7 trolls
  2 ancient zymes (Abyss:2)
  9 hornets
  A merfolk (shapeshifter) (Vaults:5)
  A wind drake (shapeshifter) (D:15)
  A tarantella (Vaults:2)
  A death drake skeleton (Swamp:4)
  5 polar bears
  3 hydra skeletons (Swamp:4)
  2 large abominations (Abyss:2)
  A guardian serpent zombie (Crypt:3)
  A raiju (Abyss:2)
  17 blink frogs
  A fire dragon zombie (Crypt:1)
  A meliai zombie (Crypt:1)
  2 air elementals (Elf:3)
  A black mamba zombie (Tomb:1)
  A jumping spider (Vaults:1)
  2 dire elephant simulacra (IceCv)
  52 slime creatures
  An ice dragon skeleton (Crypt:1)
  A shadow (D:13)
  A culicivora (Vaults:3)
  11 flying skulls
  8 wraiths
  A water elemental (Elf:3)
  A wyvern (Lair:1)
  34 yaks
  3 ushabtiu (Tomb:1)
  3 ynoxinuls
  3 fire elementals
  A chaos spawn (Abyss:2)
  A tyrant leech zombie (Crypt:2)
  3 steam dragons
  A vampire (D:12)
  14 humans (D:14)
  Grum (D:9)
  A redback (shapeshifter) (Vaults:5)
  5 redbacks
  13 vampire mosquitoes
  A black mamba skeleton (Tomb:1)
  4 basilisks
  A neqoxec (D:9)
  9 wargs
  13 swamp worms
  A demonspawn zombie (Crypt:3)
  3 harpy simulacra
  49 nagas
  A spatial vortex (Abyss:2)
  14 water moccasins
  A naga skeleton (Tomb:1)
  A floating eye (Lair:5)
  4 hydra simulacra
  A merfolk skeleton (Crypt:2)
  A faun skeleton (Crypt:2)
  Pargi (D:3)
  55 orc warriors
  5 swamp drakes
  A lindwurm zombie (Crypt:3)
  5 ice beasts
  A snapping turtle zombie (Crypt:2)
  3 black bears
  3 swamp dragon zombies (Swamp:4)
  4 boggarts (D:12)
  12 wolves
  16 ogres
  An elephant skeleton (Crypt:2)
  A swamp dragon skeleton (Swamp:4)
  28 centaurs
  2 elf zombies (Ossuary)
  4 kobold brigands
  3 bullfrogs
  9 necrophages
  3 small abominations (Abyss:2)
  4 scorpions
  A yaktaur skeleton (Crypt:3)
  A warg zombie (Crypt:2)
  3 wights (D:9)
  38 killer bees
  A spriggan zombie (Crypt:1)
  2 elephant simulacra (IceCv)
  3 electric eels
  A crimson imp (Abyss:2)
  10 howler monkeys
  4 centaur zombies (Ossuary)
  6 jellies
  4 quasits (D:9)
  22 orc priests
  A hound (D:6)
  6 human zombies (Ossuary)
  A bullfrog skeleton (Crypt:1)
  4 sleepcaps
  Terence (D:2)
  8 iguanas
  19 orc wizards
  A spriggan simulacrum (IceCv)
  A polar bear simulacrum (IceCv)
  18 mummies
  A gnoll (D:11)
  14 adders
  A howler monkey skeleton (Crypt:3)
  A naga simulacrum (IceCv)
  2 shadow imps (Gauntlet)
  2 white imps
  2 ufetubi
  An iguana skeleton (Crypt:1)
  2 worms
  A dart slug (D:3)
  91 orcs
  3 bats (D:1)
  A bat zombie (Crypt:3)
  8 endoplasms
  2 giant cockroaches (D:1)
  10 goblins
  2 hobgoblins
  3 quokkas
  7 ball pythons
  5 frilled lizards
  A goblin skeleton (Crypt:3)
  25 kobolds
  2 rats
  13 briar patches
  A spectral weapon (Swamp:4)
  A starspawn tentacle (Abyss:2)
1925 creatures vanquished.

Vanquished Creatures (collateral kills)
  Nikola (Vaults:3)
  A tengu reaver (Vaults:5)
  A storm dragon (Vaults:5)
  Roxanne (Swamp:1)
  A fire giant (Vaults:5)
  A minotaur (Gauntlet)
  2 vault guards (D:14)
  A naga warrior (Snake:4)
  A skeletal warrior (Tomb:2)
  A wizard (D:14)
  A naga mage (Snake:4)
  A yaktaur (Vaults:3)
  4 humans (D:14)
  A neqoxec (D:9)
  2 nagas (Snake:4)
20 creatures vanquished.

Vanquished Creatures (others)
  A deep elf death mage (Elf:2)
  A deep elf knight (Elf:3)
  A naga sharpshooter (Snake:1)
  2 deep elf zephyrmancers
  A vault sentinel (Vaults:3)
  2 bloated husks
  A flying skull (Crypt:3)
  A boggart (Vaults:2)
  An orc (Bailey)
  5 briar patches (Swamp:4)
  10 foxfires
  20 fungi
  70 plants
  2 starspawn tentacles (Abyss:2)
118 creatures vanquished.

Grand Total: 2063 creatures vanquished

Notes
Turn   | Place    | Note
-------+----------+-------------------------------------------
     0 | D:1      | LLlMATKO the Minotaur Berserker began the quest for the
                  | Orb.
     0 | D:1      | Reached XP level 1. HP: 19/19 MP: 0/0
    85 | D:1      | Reached XP level 2. HP: 27/27 MP: 1/1
   335 | D:1      | Reached skill level 4 in Fighting
   712 | D:2      | Reached XP level 3. HP: 33/33 MP: 2/2
  1027 | D:2      | Noticed Terence
  1032 | D:2      | Killed Terence
  1033 | D:2      | Reached XP level 4. HP: 36/41 MP: 3/3
  1684 | D:3      | Noticed Pargi
  1690 | D:3      | Killed Pargi
  1691 | D:3      | Reached skill level 5 in Fighting
  1691 | D:3      | Reached skill level 5 in Axes
  1691 | D:3      | Reached XP level 5. HP: 48/48 MP: 4/4
  1695 | D:3      | Reached ** piety under Trog
  2505 | D:4      | Reached XP level 6. HP: 56/56 MP: 5/5
  2831 | D:4      | You fall into a shaft and drop 1 floor!
  2831 | D:5      | Entered Level 5 of the Dungeon
  2831 | D:5      | Found Ajo Qim's Book Shop.
  2863 | D:5      | Found Arih's CLEARANCE SALE!.
  3252 | D:4      | Found a glowing golden altar of the Shining One.
  3452 | D:5      | Reached skill level 5 in Armour
  3452 | D:5      | Reached XP level 7. HP: 62/62 MP: 6/6
  3514 | D:5      | Reached skill level 6 in Fighting
  3633 | D:5      | Reached skill level 5 in Dodging
  4408 | D:6      | Reached XP level 8. HP: 64/71 MP: 5/7
  4530 | D:6      | Reached skill level 7 in Fighting
  5252 | D:7      | Reached *** piety under Trog
  5273 | D:7      | Reached skill level 8 in Fighting
  5273 | D:7      | Reached XP level 9. HP: 81/81 MP: 8/8
  5281 | D:7      | Found a sand-covered staircase.
  5304 | Ossuary  | Entered an ossuary
  5639 | D:7      | Reached **** piety under Trog
  6022 | D:7      | Reached skill level 9 in Fighting
  6128 | D:7      | Found a staircase to the Ecumenical Temple.
  6569 | D:8      | Identified the +12 hand axe of Fang {protect, *Rage Will+
                  | Str+3 Int+5}
  6636 | D:8      | Found a runed translucent gate.
  6636 | D:8      | Found a runed translucent gate.
  6637 | D:8      | Found a runed translucent gate.
  6637 | D:8      | Noticed NimIero's ghost (novice GrEE)
  6797 | D:8      | Reached XP level 10. HP: 91/91 MP: 9/9
  6892 | D:8      | Found a staircase to the Lair.
  7026 | D:8      | Found a viscous altar of Jiyva.
  7139 | D:8      | Killed NimIero's ghost
  7140 | D:8      | Reached skill level 10 in Axes
  7391 | D:9      | Found a flagged portal.
  7407 | D:9      | Reached skill level 10 in Fighting
  7413 | D:9      | Noticed Maggie
  7415 | Bailey   | Entered a bailey
  7822 | Bailey   | Reached ***** piety under Trog
  8661 | Bailey   | Reached skill level 10 in Armour
  9179 | Bailey   | Identified the staff of poison "Sakeni Ypsua" {Contam rPois
                  | rC+++ Stlth+}
  9403 | D:9      | Killed Maggie
  9435 | D:9      | Acquired the +3 buckler of Love and Death {rCorr}
  9450 | D:9      | Found a shimmering altar of Xom.
  9451 | D:9      | Found a shimmering altar of Xom.
  9451 | D:9      | Found a shimmering altar of Xom.
  9451 | D:9      | Found a shimmering altar of Xom.
  9468 | D:9      | Found a shimmering altar of Xom.
  9612 | D:9      | Noticed Erica
  9622 | D:9      | Killed Erica
  9623 | D:9      | Reached skill level 11 in Fighting
  9623 | D:9      | Reached skill level 1 in Shields
  9623 | D:9      | Reached XP level 11. HP: 80/102 MP: 4/10
  9804 | D:9      | Noticed Grum
  9820 | D:9      | Killed Grum
 10038 | D:9      | Found a transporter.
 10055 | D:9      | Found a transporter.
 10059 | D:9      | Noticed enotiy's ghost (novice GrFi)
 10610 | D:9      | Killed enotiy's ghost
 10611 | D:9      | Gained mutation: You are vulnerable to heat. (rF-) [a
                  | neqoxec]
 10711 | D:10     | Entered Level 10 of the Dungeon
 10797 | D:10     | Noticed Erolcha
 10804 | D:10     | Reached skill level 10 in Dodging
 10813 | D:10     | Killed Erolcha
 10814 | D:10     | Reached skill level 12 in Fighting
 11001 | D:10     | Found a staircase to the Orcish Mines.
 11370 | D:10     | Noticed a two-headed ogre
 11375 | D:10     | Killed a two-headed ogre
 11522 | D:10     | Found a portal to a secret trove of treasure.
 11595 | D:10     | Found an ornate altar of the Wu Jian Council.
 11604 | D:10     | Found a snail-covered altar of Cheibriados.
 12309 | D:11     | Reached skill level 13 in Fighting
 12363 | D:11     | Reached skill level 5 in Shields
 12754 | D:11     | Reached XP level 12. HP: 115/115 MP: 11/11
 13342 | Lair:1   | Entered Level 1 of the Lair of Beasts
 13396 | Lair:1   | Noticed a boulder beetle
 13415 | Lair:1   | Killed a boulder beetle
 13492 | Lair:1   | Found a frozen archway.
 13493 | Lair:1   | Received a gift from Trog
 13510 | IceCv    | Entered an ice cave
 13539 | IceCv    | Reached skill level 14 in Fighting
 14663 | Lair:1   | Noticed a boulder beetle
 14673 | Lair:1   | Killed a boulder beetle
 14828 | Lair:1   | You fall into a shaft and drop 1 floor!
 14835 | Lair:2   | Found a staircase to the Swamp.
 14869 | Lair:2   | Reached skill level 15 in Fighting
 14887 | Lair:2   | Received a gift from Trog
 14922 | Lair:2   | Found a gate leading to a gauntlet.
 14931 | Gauntlet | Entered a Gauntlet
 14931 | Gauntlet | Found a transporter.
 14950 | Gauntlet | Found a transporter.
 14955 | Gauntlet | Found a transporter.
 14960 | Gauntlet | Found a transporter.
 14962 | Gauntlet | Noticed a five-headed hydra
 14975 | Gauntlet | Found a transporter.
 14993 | Gauntlet | Noticed a catoblepas
 14994 | Gauntlet | Found a transporter.
 15002 | Gauntlet | Noticed a death scarab
 15003 | Gauntlet | Noticed a death scarab
 15006 | Gauntlet | Found a transporter.
 15018 | Gauntlet | Found a transporter.
 15026 | Gauntlet | Found a large runed translucent door.
 15027 | Gauntlet | Found a large runed translucent door.
 15028 | Gauntlet | Found a large runed translucent door.
 15028 | Gauntlet | Found a large runed translucent door.
 15029 | Gauntlet | Found a runed translucent gate.
 15030 | Gauntlet | Found a transporter.
 15030 | Gauntlet | Found a runed translucent gate.
 15031 | Gauntlet | Found a runed translucent gate.
 15032 | Gauntlet | Found a large runed translucent door.
 15032 | Gauntlet | Found a large runed translucent door.
 15032 | Gauntlet | Found a runed translucent door.
 15032 | Gauntlet | Found a runed translucent door.
 15033 | Gauntlet | Found a large runed translucent door.
 15034 | Gauntlet | Found a large runed translucent door.
 15039 | Gauntlet | Found a large runed translucent door.
 15039 | Gauntlet | Found a large runed translucent door.
 15040 | Gauntlet | Found a large runed translucent door.
 15041 | Gauntlet | Found a large runed translucent door.
 15049 | Gauntlet | Found a transporter.
 15062 | Gauntlet | Found a large runed translucent door.
 15062 | Gauntlet | Found a large runed translucent door.
 15063 | Gauntlet | Found a large runed translucent door.
 15064 | Gauntlet | Found a large runed translucent door.
 15084 | Gauntlet | Found a transporter.
 15101 | Gauntlet | Found a transporter.
 15103 | Gauntlet | Found a transporter.
 15103 | Gauntlet | Noticed a tengu warrior
 15128 | Gauntlet | Found a transporter.
 15130 | Gauntlet | Found a transporter.
 15226 | Gauntlet | Found a transporter.
 15352 | Gauntlet | Found a transporter.
 15383 | Gauntlet | Found a transporter.
 15415 | Gauntlet | Identified the ring of the Madman {Will+ Str+3 Stlth+}
 15505 | Gauntlet | Killed a catoblepas
 15506 | Gauntlet | Reached XP level 13. HP: 127/127 MP: 12/12
 15522 | Gauntlet | Identified the +0 pair of boots of Lies {Slay+6}
 15595 | Gauntlet | Identified the orb of the Butterfly {guile, Int+7}
 15595 | Gauntlet | Noticed a minotaur
 15610 | Gauntlet | Killed a minotaur
 16847 | Lair:1   | Identified the +0 chain mail of Feral Fun {rC+ Dex+4}
 16999 | Lair:1   | Identified the +8 mace of Embarrassment {drain, rF+ Str+3
                  | Stlth-}
 17600 | Lair:3   | Found a staircase to the Snake Pit.
 17797 | Lair:3   | Reached skill level 16 in Fighting
 18058 | Lair:3   | Identified the +4 chain mail "Daul" {Rampage Str+2}
 18358 | Lair:4   | Identified the +2 robe "Lubut" {rN++ Dex+6}
 18670 | Lair:4   | Reached skill level 17 in Fighting
 19298 | Lair:5   | Entered Level 5 of the Lair of Beasts
 19630 | Lair:5   | Reached XP level 14. HP: 139/140 MP: 13/13
 19640 | Lair:5   | Reached skill level 10 in Shields
 19825 | Lair:5   | Paralysed by a floating eye for 3 turns
 19831 | Lair:5   | Found a viscous altar of Jiyva.
 19831 | Lair:5   | Found a staircase to the Slime Pits.
 20764 | Lair:5   | Identified the amulet of Benis {Acrobat Str+3 Int+2}
 21051 | Orc:1    | Entered Level 1 of the Orcish Mines
 21310 | Orc:2    | Entered Level 2 of the Orcish Mines
 21322 | Orc:2    | Noticed an orc warlord
 21327 | Orc:2    | Noticed Donald
 21338 | Orc:2    | Reached skill level 15 in Axes
 21347 | Orc:2    | Killed Donald
 21349 | Orc:2    | Killed an orc warlord
 22179 | Orc:2    | Found Feseicack's Magic Scroll Shoppe.
 22183 | Orc:2    | Found Etosm's Magic Scroll Emporium.
 22208 | Orc:2    | Reached skill level 15 in Armour
 22212 | Orc:2    | Received a gift from Trog
 22493 | Orc:2    | Found a staircase to the Elven Halls.
 22621 | Orc:2    | Reached skill level 18 in Fighting
 22821 | Orc:2    | Gained mutation: You are weak. (Str -2) [a neqoxec]
 22824 | Orc:2    | Reached XP level 15. HP: 105/149 MP: 14/14
 23071 | Orc:2    | Bought a scroll of acquirement for 520 gold pieces
 23071 | Orc:2    | Acquired a +1 pair of gloves of strength
 23080 | Orc:2    | Bought a scroll of acquirement for 624 gold pieces
 23080 | Orc:2    | Acquired 924 gold pieces
 23116 | Orc:2    | Found Ziky's Jewellery Shop.
 23116 | Orc:2    | Found Akunic's Antique Armour Boutique.
 23117 | Orc:2    | Found a one-way gate leading to the halls of Pandemonium.
 24402 | D:13     | Received a gift from Trog
 25422 | D:14     | Noticed Jorgrun
 25437 | D:14     | Killed Jorgrun
 25705 | D:14     | Noticed Lodul
 25714 | D:14     | Killed Lodul
 25780 | D:14     | Noticed Frances
 25789 | D:14     | Killed Frances
 26103 | D:14     | Noticed Snorg
 26110 | D:14     | Killed Snorg
 26320 | D:14     | Reached skill level 15 in Dodging
 26332 | D:14     | Identified the +10 hand axe "Hise" {flame, rElec rCorr
                  | Dex-4} (Trog gifted it to you on level 14 of the Dungeon)
 26332 | D:14     | Received a gift from Trog
 26336 | D:14     | Reached skill level 19 in Fighting
 26337 | D:14     | Found a gate to the Vaults.
 26462 | D:15     | Entered Level 15 of the Dungeon
 26538 | D:15     | Reached XP level 16. HP: 155/160 MP: 15/15
 27040 | D:15     | Found a staircase to the Depths.
 28129 | Swamp:1  | Entered Level 1 of the Swamp
 28681 | Swamp:1  | Noticed Louise
 28704 | Swamp:1  | Killed Louise
 28790 | Swamp:1  | Identified Roxanne's Parchment of the Gestalt
 28790 | Swamp:1  | Noticed Roxanne
 28803 | Swamp:1  | Killed Roxanne
 29011 | Swamp:1  | Noticed a thorn hunter
 29022 | Swamp:1  | Killed a thorn hunter
 29145 | Swamp:1  | Identified the +9 long sword "Widowmaker" {vamp, rN+ rCorr
                  | MP-9}
 29612 | Swamp:2  | Identified the +8 broad axe of Ginexoum {flame, rPois}
                  | (Trog gifted it to you on level 2 of the Swamp)
 29612 | Swamp:2  | Received a gift from Trog
 31250 | Swamp:4  | Entered Level 4 of the Swamp
 31252 | Swamp:4  | Noticed Aizul
 31260 | Swamp:4  | Killed Aizul
 31554 | Swamp:4  | Reached XP level 17. HP: 166/170 MP: 16/16
 31776 | Swamp:4  | Reached skill level 20 in Fighting
 32343 | Swamp:4  | Received a gift from Trog
 33196 | Swamp:4  | Found a blossoming altar of Fedhas.
 33206 | Swamp:4  | Reached skill level 15 in Shields
 33361 | Swamp:4  | Found a basalt altar of Yredelemnul.
 33625 | Swamp:4  | Got a decaying rune of Zot
 34432 | Snake:1  | Entered Level 1 of the Snake Pit
 34455 | Snake:1  | Found Ishaw's Book Emporium.
 34455 | Snake:1  | Found Omati's Jewellery Shop.
 34456 | Snake:1  | Found Bukucrij's Jewellery Shop.
 34928 | Snake:1  | Noticed Mlioglotl
 34934 | Snake:1  | Noticed a profane servitor
 34938 | Snake:1  | Killed Mlioglotl
 36625 | Snake:3  | Reached XP level 18. HP: 158/180 MP: 17/17
 37814 | Snake:4  | Entered Level 4 of the Snake Pit
 37891 | Snake:4  | Reached skill level 21 in Fighting
 38398 | Snake:4  | Noticed Agnes
 38406 | Snake:4  | Killed Agnes
 38564 | Snake:4  | Found Jumedd's Antique Weapon Boutique.
 38566 | Snake:4  | Found Acylauv's Magic Scroll Shop.
 38569 | Snake:4  | Found Nufi Eca's Armour Boutique.
 38572 | Snake:4  | Bought an ancient war axe for 374 gold pieces
 38572 | Snake:4  | Identified the +3 war axe "Rejoofug" {freeze, rElec rC-
                  | MP+9 SInv} (You bought it in a shop on level 4 of the Snake
                  | Pit)
 38577 | Snake:4  | Bought the +13 crystal plate armour "Wicismae" {Rampage rN+
                  | Will-} for 1866 gold pieces
 38769 | Snake:4  | Received a gift from Trog
 38770 | Snake:4  | Reached ****** piety under Trog
 39502 | Snake:4  | Got a serpentine rune of Zot
 40003 | Elf:1    | Entered Level 1 of the Elven Halls
 40217 | Elf:1    | Identified the +2 hand axe of Law {flame, Will+ Dex+3}
                  | (Trog gifted it to you on level 1 of the Elven Halls)
 40217 | Elf:1    | Received a gift from Trog
 40696 | Elf:1    | Found Juenaqo's Distillery.
 41359 | Elf:2    | Reached XP level 19. HP: 190/190 MP: 18/18
 41399 | Elf:2    | Found a runed translucent gate.
 41402 | Elf:2    | Found a runed translucent gate.
 41402 | Elf:2    | Found a runed translucent gate.
 41604 | Elf:2    | Received a gift from Trog
 42675 | Elf:3    | Entered Level 3 of the Elven Halls
 43036 | Vaults:1 | Entered Level 1 of the Vaults
 43059 | Vaults:1 | Received a gift from Trog
 43130 | Vaults:1 | Reached skill level 22 in Fighting
 43523 | Vaults:1 | Identified the amulet "Ugonwet" {Faith +Blink rF- Int+8
                  | Dex-3}
 43540 | Vaults:1 | Identified the staff of cold "Rasoepiz" {*Corrode rC+ rN++
                  | Stlth+}
 43731 | Vaults:1 | Noticed Saint Roka
 43758 | Vaults:1 | Killed Saint Roka
 44199 | Vaults:1 | Found Noir's Book Shop.
 44270 | Vaults:1 | Received a gift from Trog
 44508 | Vaults:1 | Reached XP level 20. HP: 165/202 MP: 19/19
 45674 | Elf:3    | Found a transporter.
 45674 | Elf:3    | Found Lositussa's Assorted Antiques.
 45695 | Elf:3    | Found a transporter.
 45966 | Elf:3    | Received a gift from Trog
 46572 | Elf:3    | Identified the amulet of Apreops {Spirit Rampage rN+++
                  | Regen+ Str-2}
 46583 | Elf:3    | Identified the amulet "Plog" {Acrobat Fragile rC+ Int+5
                  | Dex+2}
 46686 | Elf:3    | Identified the +5 scimitar "Zioseada" {venom, rElec Str+2
                  | Dex+3}
 46686 | Elf:3    | Identified the ring "Fitrosex" {Fire Will+}
 46692 | Elf:3    | Identified the +1 scimitar of Lyzu {drain, rElec Str+7
                  | Int-4 Dex-3}
 47095 | Elf:3    | Identified the +4 mace of Putrescence {heavy, +Blink rF+
                  | Int+2 SInv}
 47418 | Elf:3    | Identified the +0 scale mail of Bofeyz {Str+3}
 48038 | Vaults:2 | Received a gift from Trog
 48334 | Vaults:2 | Identified the +2 dagger of Ravage {heavy, Fly rPois rF-}
 48356 | Vaults:2 | Reached skill level 23 in Fighting
 48489 | Vaults:2 | Found a runed translucent door.
 48492 | Vaults:2 | Noticed casual's ghost (veteran MiMo)
 48824 | Vaults:2 | Found the +3 pair of mountain boots {steadfast, rC+}
 48832 | Vaults:2 | Identified the +7 glaive of Icoikhae {flame, rN++ Stlth+}
 48867 | Vaults:2 | Received a gift from Trog
 49073 | Vaults:2 | Found a staircase to the Crypt.
 49073 | Vaults:2 | Found an ancient bone altar of Kikubaaqudgha.
 49073 | Vaults:2 | Found a basalt altar of Yredelemnul.
 49519 | Vaults:2 | Killed casual's ghost
 49778 | Vaults:3 | Reached XP level 21. HP: 186/211 MP: 20/20
 49836 | Vaults:3 | Noticed Nikola
 49845 | Vaults:3 | Killed Nikola
 49853 | Vaults:3 | Received a gift from Trog
 51107 | Vaults:3 | Received a gift from Trog
 52797 | Vaults:5 | Entered Level 5 of the Vaults
 52890 | Vaults:5 | Reached skill level 24 in Fighting
 52924 | Vaults:5 | Reached XP level 22. HP: 222/222 MP: 21/21
 53062 | Vaults:5 | Received a gift from Trog
 53115 | Vaults:5 | Found the +8 demon trident "Rift" {distort, reach+}
 53174 | Vaults:5 | Identified the amulet "Onuplinu" {Rampage *Slow Regen+
                  | Int+3}
 53226 | Vaults:5 | Noticed an ancient lich
 53248 | Vaults:5 | Killed an ancient lich
 53388 | Vaults:5 | Identified the ring of Doors {rC+ Str-3 Int+3 Dex+6}
 53399 | Vaults:5 | Noticed a golden dragon
 53414 | Vaults:5 | Killed a golden dragon
 53644 | Vaults:5 | Noticed a golden dragon
 53653 | Vaults:5 | Killed a golden dragon
 53796 | Vaults:5 | Noticed an ancient lich
 53823 | Vaults:5 | Killed an ancient lich
 53827 | Vaults:5 | Received a gift from Trog
 54105 | Vaults:5 | Got a silver rune of Zot
 54114 | Vaults:5 | Identified the +0 plate armour of Masochism {rC+}
 54152 | Vaults:5 | Identified the ring "Raistot" {rPois rF+ rC+ Will+}
 54414 | Vaults:5 | Noticed a dread lich
 54567 | Vaults:4 | Killed a dread lich
 54875 | Abyss:2  | Cast into level 2 of the Abyss (a deep elf sorcerer)
 54951 | Abyss:2  | Found a corrupted altar of Lugonu.
 55052 | Abyss:2  | Found a corrupted altar of Lugonu.
 55065 | Abyss:2  | Received a gift from Trog
 55073 | Vaults:5 | Escaped the Abyss
 55261 | Vaults:5 | Found Beonuf's General Store.
 55284 | Vaults:5 | Identified the staff of earth "Zoudac" {rElec rF+ Str+2}
 55304 | Vaults:5 | Identified the +2 lajatang "Ustrozoin" {flame, Contam Will+
                  | Int+3}
 55476 | Vaults:5 | Identified the +6 mace of Awkwardness {freeze, Will+}
 55478 | Vaults:5 | Identified the staff of poison "Mubruesm" {rPois Int+3}
 55482 | Vaults:5 | Identified the +2 spear "Xajohott" {venom, Contam +Blink
                  | rC+ Dex+2}
 55581 | Vaults:5 | Found Nisann's Assorted Antiques.
 55659 | Vaults:5 | Identified the +8 dagger of Dapa {drain, rC++ Dex-2 Stlth+}
 55666 | Vaults:5 | Identified the +0 ring mail "Dacu" {rPois Will+ Slay+3}
 56046 | Crypt:1  | Entered Level 1 of the Crypt
 56069 | Crypt:1  | Noticed BigAl98's ghost (adept FeSu)
 56090 | Crypt:1  | Found a runed translucent door.
 56256 | Crypt:1  | Reached XP level 23. HP: 218/232 MP: 22/22
 56407 | Crypt:1  | Received a gift from Trog
 56516 | Crypt:1  | Found an ancient bone altar of Kikubaaqudgha.
 57079 | Crypt:1  | Identified the +3 scale mail of the Trout {rF+ rN+ Int+3}
 57262 | Crypt:1  | Killed BigAl98's ghost
 57325 | Crypt:1  | Reached skill level 25 in Fighting
 57392 | Crypt:2  | Noticed Zenata
 57411 | Crypt:2  | Killed Zenata
 57862 | Crypt:3  | Entered Level 3 of the Crypt
 57926 | Crypt:3  | Noticed a curse toe
 58216 | Crypt:3  | Received a gift from Trog
 58217 | Crypt:3  | Killed a curse toe
 58508 | Crypt:3  | Found a staircase to the Tomb.
 58548 | Crypt:3  | Identified the +5 halberd "Hellblazer" {freeze, MP+9 Str+5
                  | Int-3}
 59228 | Vaults:5 | Bought a wand of digging (4) for 252 gold pieces
 59527 | Crypt:3  | Identified the +2 leather armour of Qootuumn {MP+9 Dex+4
                  | Slay+2 Stlth-}
 59697 | Tomb:1   | Entered Level 1 of the Tomb of the Ancients
 60629 | Tomb:1   | Received a gift from Trog
 60652 | Tomb:1   | Noticed a royal mummy
 60659 | Tomb:1   | Killed a royal mummy
 61617 | Tomb:2   | Noticed a royal mummy
 61619 | Tomb:2   | Noticed a royal mummy
 61619 | Tomb:2   | Noticed a royal mummy
 61620 | Tomb:2   | Noticed a royal mummy
 61630 | Tomb:2   | HP: 6/230 [death scarab[a royal mummy] (7)]
 61638 | Tomb:2   | Gained mutation: You are clumsy. (Dex -2) [mutagenic glow]
 61643 | Tomb:2   | HP: 8/232 [skeletal warrior/+4 dire flail (8)]
 61643 | Tomb:2   | Slain by an ancient champion

Illustrated notes

Levels and vault maps discovered:
D:1:      minmay_arrival_open_corners, layout_basic
D:2:      layout_loops_ring, uniq_terence
D:3:      layout_basic, minmay_quadrilaterals, uniq_pargi
D:4:      layout_loops_ring, tso_altar, kennysheep_cross_room
D:5:      layout_basic, serial_shops, shop, minmay_misc_feat_rugged,
          nicolae_shop_clearance
D:6:      layout_cave_pods, solitary_fountain, hangedman_decor_clover_reticule
D:7:      layout_basic, temple_hall, nicolae_ossuary_entry_plus
D:8:      layout_rooms, david_lair_shrubbed, gammafunk_ghost_ooze,
          grunt_decor_one_mirror
D:9:      layout_basic, xom_shifter_show, enter_bailey_5,
          gammafunk_ghost_stat_death, minmay_misc_feat_hallway, uniq_erica,
          uniq_grum, uniq_maggie
D:10:     layout_stronghold, mainiacjoe_overflow_swirl,
          minmay_orc_entry_temple_small, nicolae_trove_entry_free_sample,
          uniq_erolcha
D:11:     wad_woods_minihive, layout_long_grid, hangedman_glass_teeth
D:12:     layout_irregular_city, serial_glass, glass_columns_b, glass_columns_a
D:13:     layout_irregular_city
D:14:     layout_basic, grunt_vaults_entry_tiered, hex_medium, uniq_snorg,
          uniq_jorgrun, uniq_lodul, uniq_frances
D:15:     hangedman_depths_entry_civil_slaughter, layout_loops_corners
Lair:1:   layout_concentric_octagons, portal_ice_cave_entry_pillars_1,
          grunt_megastairs_5
Lair:2:   layout_cave_pods, swamp_mist_pool, gauntlet_entry_generic,
          grunt_megastairs_4
Lair:3:   layout_cave_pods, dummy_snake_entry
Lair:4:   layout_gridlike, serial_bayou_shore_a
Lair:5:   grunt_lair_end_beastmaster, layout_loops_ring,
          minmay_slime_entry_eyes, serial_bayou_shore_b
Swamp:1:  layout_basic_swamp, serial_swamp_ruin, evilmike_swamp_ruin_house_1,
          evilmike_swamp_ruin_rubble_2, st_swamp_mini, uniq_louise, uniq_roxanne
Swamp:2:  layout_basic_swamp, hangedman_swamp_ruin_wall, swamp_pool3,
          cheibrodos_swamp_witchery
Swamp:3:  layout_falls_marsh, evilmike_swamp_ruin_house_2
Swamp:4:  byrel_swamp_growth_death_and_undeath, layout_basic_swamp, uniq_aizul
Snake:1:  layout_grid_shapes, serial_bayou_ford_a, minmay_shop_grove,
          uniq_mlioglotl
Snake:2:  layout_rooms, nicolae_snake_slithery_corners
Snake:3:  layout_misc_corridors, grunt_megastairs_3
Snake:4:  minmay_snake_end_coiled, layout_cave_town, st_stairs_1,
          minmay_shop_star, uniq_agnes
Orc:1:    layout_caves, mines2_lemuel
Orc:2:    pf_orc_diabolical, layout_caves, uniq_donald
Elf:1:    nicolae_elf_arrival_fired_up, layout_loops_cross, serial_shops,
          nicolae_shop_pleasant_corner_grove, minmay_elf_demonology
Elf:2:    nicolae_elf_blades_crystal_corner, layout_loops_corners
Elf:3:    elf_hall, layout_geoelf_diagonals, serial_glass, glass_columns_c,
          glass_columns_c, glass_columns_a, glass_columns_a, glass_columns_b,
          glass_columns_a, glass_columns_c, glass_columns_a, glass_columns_a,
          glass_columns_c, glass_columns_a, glass_columns_b, glass_columns_a,
          glass_columns_a, serial_shops, nicolae_shop_drivethru
Vaults:1: v_alt_pattern_1, hangedman_vaults_snaps, ontoclasm_vaults_gateway,
          vaults_room_large_hall, ontoclasm_vaults_tryst,
          nicolae_vaults_storing_the_good_stuff, nicolae_vaults_hallways_thing,
          ontoclasm_vaults_twist, nicolae_vaults_double_plus_1,
          ontoclasm_vaults_chip, vaults_room_door_hall, layout_vaults_ring,
          serial_shops, shop, uniq_saint_roka
Vaults:2: hellmonk_ghost_big_iron, minmay_crypt_entry_necro_gods,
          nicolae_vaults_shock_wave, nicolae_vaults_tetromino_L_2,
          nicolae_vaults_wrenched, hangedman_vaults_hat, layout_vaults_quadrants
Vaults:3: hangedman_vaults_unwind, nicolae_vaults_sesquioval_fish,
          vaults_mumra_hex, vaults_room_semicircle,
          nicolae_vaults_closet_pinwheel_1, v_misc_12,
          nicolae_vaults_apartment_1, nicolae_vaults_closet_pinwheel_4,
          ontoclasm_vaults_shuriken, nicolae_vaults_display_case,
          ontoclasm_vaults_misaligned, nicolae_vaults_little_squares_5,
          nicolae_vaults_rhombus_6, nicolae_vaults_trapezoid_4,
          layout_vaults_omnibox, uniq_nikola
Vaults:4: v_pattern_2, hangedman_vaults_corner, nicolae_vaults_diamond_2,
          nicolae_vaults_offset_grid_hallway_1,
          nicolae_vaults_corridor_and_loot_room, v_misc_16, vaults_dpeg_ring,
          hangedman_vaults_corner_blocks, nicolae_vaults_mitosis,
          nicolae_vaults_mini_display_case, nicolae_vaults_double_plus_1,
          layout_vaults_chaotic_city
Vaults:5
Crypt:1:  layout_gridlike, hellmonk_ghost_happy_afterlife, lemuel_statue_altar,
          uniq_grunn
Crypt:2:  layout_rooms, uniq_zenata
Crypt:3:  david_glass_crypt, layout_misc_corridors, grunt_megastairs_2
Tomb:1
Tomb:2

Skill      XL: |  1  2  3  4  5  6  7  8  9 10 11 12 13 14 15 16 17 18 19 20 21 22 23 |
---------------+----------------------------------------------------------------------+-----
Fighting       | 4 5 6 8 9 11 13 15 17 18 19 20 21 22 23 24 25 | 25.5
Axes           | 4 5 6 7 9 10 12 13 14 15 16 17 18 19 20 21 22 23 24 | 24.0
Armour         | 3 4 5 6 7 8 10 11 12 14 15 16 17 18 19 20 21 22 23 | 23.9
Dodging        | 3 4 5 6 8 9 10 11 13 14 15 16 17 18 19 20 21 22 | 22.2
Shields        | 1 5 7 9 11 13 14 15 16 18 19 21 23 24 | 24.3

Action                     |  1- 3 |  4- 6 |  7- 9 | 10-12 | 13-15 | 16-18 | 19-21 | 22-24 || total
---------------------------+-------+-------+-------+-------+-------+-------+-------+-------++-------
  Melee: Hand axe          |    65 |    80 |   157 |   309 |     5 |   255 |       |       ||   871
         Headbutt          |    10 |    19 |    48 |    92 |   197 |   283 |   283 |   252 ||  1184
         War axe           |       |    24 |   120 |   193 |   345 |       |       |       ||   682
         Punch             |       |     2 |     4 |     1 |       |       |       |       ||     7
         Spear             |       |       |       |    28 |       |       |       |       ||    28
         Broad axe         |       |       |       |       |   366 |   851 |  1055 |   853 ||  3125
  Throw: Dart              |       |       |       |    15 |       |    15 |     1 |       ||    31
         Throwing net      |       |       |       |       |       |     1 |       |       ||     1
 Invoke: Berserk           |     1 |     1 |     1 |    10 |     9 |    10 |     3 |     9 ||    44
         Trog's Hand       |       |       |       |     3 |     3 |     5 |     5 |     9 ||    25
         Brothers in Arms  |       |       |       |     1 |     3 |     6 |     2 |     4 ||    16
  Evoke: Wand              |       |       |       |       |       |       |       |     2 ||     2
    Use: Scroll            |       |       |     3 |     5 |    21 |     8 |     5 |     6 ||    48
         Potion            |       |       |       |       |       |       |       |     4 ||     4
   Stab: Petrifying        |       |       |       |       |     1 |       |       |       ||     1
         Distracted        |       |       |       |       |       |     2 |       |     3 ||     5
         Sleeping          |       |       |       |       |       |       |       |     1 ||     1
 Armour: Animal skin       |    10 |     1 |       |       |       |       |       |       ||    11
         Chain mail        |       |    51 |   162 |     3 |       |       |       |       ||   216
         Scale mail        |       |     5 |       |       |       |       |       |       ||     5
         Plate armour      |       |       |       |   383 |   255 |   377 |       |       ||  1015
         Crystal plate arm |       |       |       |       |       |    79 |   362 |   444 ||   885
  Dodge: Dodged            |    32 |    56 |   140 |   288 |   246 |   391 |   243 |   308 ||  1704
  Block: Buckler           |       |       |       |   127 |   399 |   650 |   600 |   585 ||  2361
         Reflection        |       |       |       |       |    34 |    71 |    83 |     9 ||   197
